 Dungeon Crawl Stone Soup version 0.28.0-45-g0d030f2227 (webtiles) character file.

Game seed: 14233937846197536458

4 seaoflcl the Covered (level 1, -4/18 HPs)
             Began as a Human Fighter on Apr 10, 2022.
             Slain by a kobold
             ... wielding a +0 short sword
              (5 damage)
             ... on level 1 of the Dungeon.
             The game lasted 00:00:30 (177 turns).

seaoflcl the Covered (Human Fighter)                 Turns: 177, Time: 00:00:31

Health: -4/18      AC:  6    Str: 16    XL:     1   Next: 66%
Magic:  1/1        EV:  8    Int:  8    God:
Gold:   0          SH:  4    Dex: 12    Spells: 0/0 levels left

rFire   + . .      SeeInvis .   a - +0 long sword
rCold   + . .      Faith    .   c - +0 buckler
rNeg    . . .      Spirit   .   b - +0 scale mail
rPois   +          Reflect  .   (no helmet)
rElec   +          Harm     .   (no cloak)
rCorr   +          Rampage  .   (no gloves)
Will    .....                   (no boots)
Stlth   ..........              (no amulet)
HPRegen 0.06/turn               (no ring)
MPRegen 0.07/turn               (no ring)

@: resistant
A: no striking features
a: no special abilities


You were on level 1 of the Dungeon.
You visited 1 branch of the dungeon, and saw 1 of its levels.

Inventory:

Hand Weapons
 a - a +0 long sword (weapon)
Armour
 b - a +0 scale mail (worn)
 c - a +0 buckler (worn)
Scrolls
 f - a scroll of noise {unknown}
 g - a scroll of teleportation {unknown}
Potions
 d - a potion of might


   Skills:
 + Level 3.0 Fighting
 + Level 2.0 Long Blades
 + Level 3.1 Armour
 + Level 3.0 Shields


You couldn't memorise any spells.
You didn't know any spells.
Your spell library was empty.

Dungeon Overview and Level Annotations

Branches:
Dungeon (1/15)

Altars:


Message History

The quokka bites you but does no damage.
You hit the quokka but do no damage.
The quokka bites you but does no damage.
The quokka bites you.
You slash the ball python!
You kill the ball python!
The quokka bites you. You block the quokka's attack.
You miss the kobold. The quokka bites you. You block the kobold's attack.
The quokka barely misses you. The quokka bites you.
The kobold throws a stone.
The stone hits you.
You are too injured to fight recklessly!
You are too injured to fight recklessly!
You are too injured to fight recklessly!
You are too injured to fight recklessly!
You barely miss the quokka. The quokka bites you.
* * * LOW HITPOINT WARNING * * *
You barely miss the quokka. The quokka closely misses you.
The quokka bites you.
* * * LOW HITPOINT WARNING * * *
The kobold barely misses you.
It was a potion of resistance.
You feel protected. The quokka barely misses you.
The kobold closely misses you.
The quokka bites you but does no damage.
You closely miss the quokka. The quokka bites you.
* * * LOW HITPOINT WARNING * * *
The kobold closely misses you.
The kobold throws a stone.
You block the stone.
You see here a +0 scale mail.
You block the quokka's attack.
You miss the quokka.
The quokka bites you but does no damage.
You block the quokka's attack.
You miss the quokka. The kobold closely misses you.
You block the quokka's attack. The kobold barely misses you.
You closely miss the quokka.
The quokka bites you but does no damage.
The kobold hits you with a +0 short sword.
You die...

. # #....####..#
♣..###+# ♣.
≈##.....###.#
♣♣..#....
≈.♣≈♣≈#.....#
#.##♣#...'....
.≈.≈..#.....#
#..#♣.♣..#...P
#.......#
##.#♣#...#...<
≈≈..≈.#.....#
#..##♣..#....
..♣≈≈.#.....# ##.#
♣..##### ♣≈.. #.....#
#.# ♣....... ...##
#..).@# #.#♣♣.......
≈..
#...Kr#####...###♣#.♣.
.≈ #.........###..#
#≈♣.# #.........#
##.#####≈♣ #####.....#
#........ #[....#
######### #.....#
#.....# #.....######


You could see a quokka and a kobold.

Vanquished Creatures
  A ball python (D:1)
  A giant cockroach (D:1)
  A kobold (D:1)
3 creatures vanquished.

Notes
Turn   | Place    | Note
-------+----------+-------------------------------------------
     0 | D:1      | seaoflcl the Human Fighter began the quest for the Orb.
     0 | D:1      | Reached XP level 1. HP: 18/18 MP: 1/1
   177 | D:1      | Slain by a kobold

Illustrated notes

Levels and vault maps discovered:
D:1:      saegor_arrival_under_anarchy, layout_basic, minmay_misc_feat_columns,
          chequers_serial_rivers_marsh

Action                   || total
-------------------------++-------
Melee: Long sword        ||    16
  Use: Potion            ||     1
Armor: Scale mail        ||     8
Dodge: Dodged            ||    11
Block: Buckler           ||     7
